| TOP OF THE 1ST |
|
Los Angeles (NYP) Angels batting - Pitching for Minnesota (NYP) Twins : RHP Glen Dutton
|
|
Pitching: RHP Glen Dutton
|
|
|
Batting: RHB Joe Hewitt
|
0-0: Ball 1-0: DOUBLE (Groundball, 5L, EV 101.9 MPH)
|
|
Batting: RHB Arnaud Derosiers
|
0-0: Fly out, F8 (Line Drive, 8RD, EV 106.9 MPH)
|
|
Batting: LHB Bill Girton
|
0-0: Ground out 4-3 (Groundball, 4MS, EV 64.4 MPH) Joe Hewitt to third
|
|
Batting: RHB Dan Burkhart
|
0-0: Called Strike 0-1: Swinging Strike 0-2: Strikes out swinging, 2-3 out at first.
|
| Top of the 1st over - 0 runs, 1 hit, 0 errors, 1 left on base; Los Angeles (NYP) 0 - Minnesota (NYP) 0 |
| BOTTOM OF THE 1ST |
|
Minnesota (NYP) Twins batting - Pitching for Los Angeles (NYP) Angels : RHP Ju-wei Long
|
|
Pitching: RHP Ju-wei Long
|
|
|
Batting: RHB Caleb Bockmann
|
0-0: Ball 1-0: Ball 2-0: Ball 3-0: Called Strike 3-1: Called Strike 3-2: Foul Ball, location: 2F 3-2: SINGLE (Line Drive, 9S, EV 107.5 MPH)
|
|
Batting: RHB Fhil Mikrakin
|
0-0: Called Strike Caleb Bockmann is caught stealing 2nd base 2-4 0-1: Foul Ball, location: 2F 0-2: Strikes out swinging
|
|
Batting: RHB Steve Raine
|
0-0: Called Strike 0-1: Foul Ball, location: 2F 0-2: Ground out 4-3 (Groundball, 4, EV 78.8 MPH)
|
| Bottom of the 1st over - 0 runs, 1 hit, 0 errors, 0 left on base; Los Angeles (NYP) 0 - Minnesota (NYP) 0 |
| TOP OF THE 2ND |
|
Los Angeles (NYP) Angels batting - Pitching for Minnesota (NYP) Twins : RHP Glen Dutton
|
|
Batting: RHB Aaron Bryant
|
0-0: Ball 1-0: Ball 2-0: Ball 3-0: Base on Balls
|
|
Batting: RHB Khalil Thurston
|
0-0: Foul Ball, location: 2F 0-1: Foul Ball, location: 2F 0-2: Ball 1-2: Ball 2-2: Strikes out swinging
|
|
Batting: RHB Wilford Harper
|
0-0: Swinging Strike 0-1: Swinging Strike 0-2: Strikes out looking
|
|
Batting: SHB Yuya Hirata
|
0-0: Swinging Strike 0-1: Foul Ball, location: 2F 0-2: Foul Ball, location: 2F 0-2: Ball 1-2: Ball 2-2: Foul Ball, location: 2F 2-2: Fly out, F8 (Flyball, 8LS, EV 88.8 MPH)
|
| Top of the 2nd over - 0 runs, 0 hits, 0 errors, 1 left on base; Los Angeles (NYP) 0 - Minnesota (NYP) 0 |
| BOTTOM OF THE 2ND |
|
Minnesota (NYP) Twins batting - Pitching for Los Angeles (NYP) Angels : RHP Ju-wei Long
|
|
Batting: RHB Alexandre Garcia
|
0-0: Ball 1-0: Ball 2-0: Ball 3-0: Called Strike 3-1: Base on Balls
|
|
Batting: RHB Chris Bejarano
|
0-0: Ball Wild Pitch! Alexandre Garcia to second 1-0: Called Strike 1-1: Swinging Strike 1-2: Ball 2-2: SINGLE (Groundball, 6M, EV 103.8 MPH) (infield hit) Alexandre Garcia to third
|
|
Batting: LHB Jose Hilario
|
0-0: Ball 1-0: Ball 2-0: Called Strike 2-1: Ball Chris Bejarano steals 2nd base 3-1: Foul Ball, location: 2F 3-2: Foul Ball, location: 2F 3-2: SINGLE (Line Drive, 34, EV 95.0 MPH) Alexandre Garcia scores Chris Bejarano to third
|
|
Batting: RHB Fernando Bravo
|
0-0: Ball Jose Hilario steals 2nd base 1-0: Ball 2-0: Ground out 6-3 (Groundball, 6, EV 100.6 MPH) Chris Bejarano scores
|
|
Batting: RHB Dave Berry
|
0-0: Called Strike 0-1: Ball 1-1: Foul Ball, location: 2F 1-2: Ball Wild Pitch! Jose Hilario to third 2-2: Ball 3-2: Fly out, F8 (Flyball, 8RM, EV 88.8 MPH)
|
|
Batting: SHB Juan Aguilar
|
0-0: Ball 1-0: Ball 2-0: Foul Ball, location: 2F 2-1: Ball 3-1: Base on Balls
|
|
Batting: RHB Caleb Bockmann
|
0-0: Foul Ball, location: 2F 0-1: Ground out 5-3 (Groundball, 56S, EV 86.9 MPH)
|
| Bottom of the 2nd over - 2 runs, 2 hits, 0 errors, 2 left on base; Los Angeles (NYP) 0 - Minnesota (NYP) 2 |
| TOP OF THE 3RD |
|
Los Angeles (NYP) Angels batting - Pitching for Minnesota (NYP) Twins : RHP Glen Dutton
|
|
Batting: RHB Ron Major
|
0-0: Ball 1-0: Called Strike 1-1: Foul Ball, location: 2F 1-2: Ball 2-2: Foul Ball, location: 2F 2-2: Strikes out swinging
|
|
Batting: RHB Joe Hewitt
|
0-0: Ground out 1-3 (Groundball, 13S, EV 70.0 MPH)
|
|
Batting: RHB Arnaud Derosiers
|
0-0: Called Strike 0-1: Ball 1-1: Ball 2-1: Foul Ball, location: 2F 2-2: Fly out, F8 (Flyball, 8RD, EV 95.6 MPH)
|
| Top of the 3rd over - 0 runs, 0 hits, 0 errors, 0 left on base; Los Angeles (NYP) 0 - Minnesota (NYP) 2 |
| BOTTOM OF THE 3RD |
|
Minnesota (NYP) Twins batting - Pitching for Los Angeles (NYP) Angels : RHP Ju-wei Long
|
|
Batting: RHB Fhil Mikrakin
|
0-0: Ball 1-0: Ball 2-0: Foul Ball, location: 2F 2-1: Ball 3-1: Base on Balls
|
|
Batting: RHB Steve Raine
|
0-0: Ball Fhil Mikrakin steals 2nd base 1-0: DOUBLE (Line Drive, 78D, EV 107.5 MPH) Fhil Mikrakin scores
|
|
Batting: RHB Alexandre Garcia
|
0-0: Called Strike 0-1: Foul Ball, location: 2F 0-2: Strikes out swinging
|
|
Batting: RHB Chris Bejarano
|
0-0: Ball 1-0: Ball 2-0: Ball 3-0: Called Strike 3-1: Foul Ball, location: 2F 3-2: Base on Balls
|
|
Batting: LHB Jose Hilario
|
0-0: Foul Ball, location: 2F 0-1: Ball 1-1: Swinging Strike 1-2: Ball 2-2: Foul Ball, location: 2F 2-2: Ball 3-2: Foul Ball, location: 2F 3-2: Base on Balls Steve Raine to third Chris Bejarano to second
|
|
Batting: RHB Fernando Bravo
|
0-0: Swinging Strike 0-1: Swinging Strike 0-2: Ball 1-2: SINGLE (Line Drive, 89S, EV 95.0 MPH) Steve Raine scores Chris Bejarano to third Jose Hilario to second Runner from 3rd tries for Home, SAFE, throw by RF to home
|
|
Pitching: RHP Jamie Snyder
|
|
|
Batting: RHB Dave Berry
|
0-0: Ball 1-0: Swinging Strike 1-1: Called Strike 1-2: Ball 2-2: Strikes out looking
|
|
Batting: SHB Juan Aguilar
|
0-0: Called Strike 0-1: Ball 1-1: Called Strike 1-2: Strikes out swinging
|
| Bottom of the 3rd over - 3 runs, 2 hits, 0 errors, 2 left on base; Los Angeles (NYP) 0 - Minnesota (NYP) 5 |
| TOP OF THE 4TH |
|
Los Angeles (NYP) Angels batting - Pitching for Minnesota (NYP) Twins : RHP Glen Dutton
|
|
Batting: LHB Bill Girton
|
0-0: Ball 1-0: Foul Ball, location: 2F 1-1: Called Strike 1-2: Strikes out swinging
|
|
Batting: RHB Dan Burkhart
|
0-0: Swinging Strike 0-1: Swinging Strike 0-2: Strikes out swinging
|
|
Batting: RHB Aaron Bryant
|
0-0: Called Strike 0-1: Hit by Pitch
|
|
Batting: RHB Khalil Thurston
|
0-0: Ball 1-0: Ball 2-0: Called Strike 2-1: Called Strike 2-2: Reached on error, E3 (Groundball, 3, EV 84.4 MPH) Aaron Bryant to second
|
|
Batting: RHB Wilford Harper
|
0-0: Ball 1-0: Called Strike 1-1: Ball 2-1: Ball 3-1: Called Strike 3-2: Strikes out swinging
|
| Top of the 4th over - 0 runs, 0 hits, 1 error, 2 left on base; Los Angeles (NYP) 0 - Minnesota (NYP) 5 |
| BOTTOM OF THE 4TH |
|
Minnesota (NYP) Twins batting - Pitching for Los Angeles (NYP) Angels : RHP Jamie Snyder
|
|
Batting: RHB Caleb Bockmann
|
0-0: Ball 1-0: Called Strike 1-1: Foul Ball, location: 2F 1-2: Ball 2-2: Foul Ball, location: 2F 2-2: Foul Ball, location: 2F 2-2: Strikes out swinging
|
|
Batting: RHB Fhil Mikrakin
|
0-0: Called Strike 0-1: Ball 1-1: Ball 2-1: Swinging Strike 2-2: Foul Ball, location: 2F 2-2: Fly out, F9 (Flyball, 9D, EV 100.6 MPH)
|
|
Batting: RHB Steve Raine
|
0-0: Called Strike 0-1: Foul Ball, location: 2F 0-2: SINGLE (Flyball, 78S, EV 89.4 MPH)
|
|
Batting: RHB Alexandre Garcia
|
0-0: Called Strike 0-1: Foul Ball, location: 2F 0-2: Foul Ball, location: 2F 0-2: Foul Ball, location: 2F 0-2: Fly out, F8 (Flyball, 8RS, EV 81.9 MPH)
|
| Bottom of the 4th over - 0 runs, 1 hit, 0 errors, 1 left on base; Los Angeles (NYP) 0 - Minnesota (NYP) 5 |
| TOP OF THE 5TH |
|
Los Angeles (NYP) Angels batting - Pitching for Minnesota (NYP) Twins : RHP Glen Dutton
|
|
Batting: SHB Yuya Hirata
|
0-0: Foul Ball, location: 2F 0-1: Swinging Strike 0-2: Foul Ball, location: 2F 0-2: Ball 1-2: Foul Ball, location: 2F 1-2: Ground out 4-3 (Groundball, 4M, EV 77.5 MPH)
|
|
Batting: RHB Ron Major
|
0-0: DOUBLE (Flyball, 9LD, EV 98.8 MPH)
|
|
Batting: RHB Joe Hewitt
|
0-0: Ball 1-0: Called Strike 1-1: Swinging Strike 1-2: Foul Ball, location: 2F 1-2: Ball Wild Pitch! Ron Major to third 2-2: Strikes out swinging
|
|
Batting: RHB Arnaud Derosiers
|
0-0: Called Strike 0-1: Hit by Pitch
|
|
Batting: LHB Bill Girton
|
0-0: Foul Ball, location: 2F 0-1: Ball 1-1: Swinging Strike Passed Ball! Ron Major scores Arnaud Derosiers to second 1-2: Strikes out swinging
|
| Top of the 5th over - 1 run, 1 hit, 0 errors, 1 left on base; Los Angeles (NYP) 1 - Minnesota (NYP) 5 |
| BOTTOM OF THE 5TH |
|
Minnesota (NYP) Twins batting - Pitching for Los Angeles (NYP) Angels : RHP Jamie Snyder
|
|
Batting: RHB Chris Bejarano
|
0-0: Ball 1-0: Ball 2-0: Called Strike 2-1: Ball 3-1: Base on Balls
|
|
Batting: LHB Jose Hilario
|
0-0: Ball 1-0: Fly out, F8 (Flyball, 89M, EV 81.2 MPH)
|
|
Pitching: RHP Kunihiro Sasaki
|
|
|
Batting: RHB Fernando Bravo
|
0-0: Called Strike 0-1: Foul Ball, location: 2F 0-2: Ball 1-2: Strikes out swinging
|
|
Batting: RHB Dave Berry
|
0-0: Ball 1-0: Foul Ball, location: 2F 1-1: Ball 2-1: Ball 3-1: Foul Ball, location: 2F 3-2: Foul Ball, location: 2F 3-2: Fly out, F8 (Flyball, 8RM, EV 89.4 MPH)
|
| Bottom of the 5th over - 0 runs, 0 hits, 0 errors, 1 left on base; Los Angeles (NYP) 1 - Minnesota (NYP) 5 |
| TOP OF THE 6TH |
|
Los Angeles (NYP) Angels batting - Pitching for Minnesota (NYP) Twins : RHP Glen Dutton
|
|
Batting: RHB Dan Burkhart
|
0-0: Ball 1-0: Foul Ball, location: 2F 1-1: Called Strike 1-2: Ball 2-2: Foul Ball, location: 2F 2-2: Foul Ball, location: 2F 2-2: Ball 3-2: Strikes out swinging
|
|
Pitching: RHP Karel Braaksma
|
|
|
Batting: RHB Aaron Bryant
|
0-0: Ball 1-0: Called Strike 1-1: Ball 2-1: SINGLE (Flyball, 8RS, EV 95.0 MPH)
|
|
Batting: RHB Khalil Thurston
|
0-0: Ball 1-0: Ball 2-0: Foul Ball, location: 2F 2-1: Grounds into double play, 4-6-3 (Groundball, 4, EV 96.9 MPH)
|
| Top of the 6th over - 0 runs, 1 hit, 0 errors, 0 left on base; Los Angeles (NYP) 1 - Minnesota (NYP) 5 |
| BOTTOM OF THE 6TH |
|
Minnesota (NYP) Twins batting - Pitching for Los Angeles (NYP) Angels : RHP Kunihiro Sasaki
|
|
Batting: SHB Juan Aguilar
|
0-0: Ball 1-0: Ball 2-0: Ground out U3 (Groundball, 3, EV 86.2 MPH)
|
|
Batting: RHB Caleb Bockmann
|
0-0: SINGLE (Flyball, 4D, EV 89.4 MPH)
|
|
Batting: RHB Fhil Mikrakin
|
0-0: Foul Ball, location: 2F 0-1: Ball 1-1: Ball 2-1: Called Strike 2-2: Fly out, F9 (Flyball, 9S, EV 88.1 MPH)
|
|
Batting: RHB Steve Raine
|
0-0: Called Strike 0-1: Ball 1-1: Ball 2-1: Called Strike 2-2: Strikes out swinging
|
| Bottom of the 6th over - 0 runs, 1 hit, 0 errors, 1 left on base; Los Angeles (NYP) 1 - Minnesota (NYP) 5 |
| TOP OF THE 7TH |
|
Los Angeles (NYP) Angels batting - Pitching for Minnesota (NYP) Twins : RHP Karel Braaksma
|
|
Batting: RHB Wilford Harper
|
0-0: Ball 1-0: Ball 2-0: Ball 3-0: Called Strike 3-1: Base on Balls
|
|
Batting: SHB Yuya Hirata
|
0-0: Bunted foul 0-1: Bunt missed! 0-2: Ball 1-2: Ball 2-2: Grounds into double play, 4-6-3 (Groundball, 4, EV 98.8 MPH)
|
|
Batting: RHB Ron Major
|
0-0: Ball 1-0: Ground out 6-3 (Groundball, 6, EV 91.2 MPH)
|
| Top of the 7th over - 0 runs, 0 hits, 0 errors, 0 left on base; Los Angeles (NYP) 1 - Minnesota (NYP) 5 |
| BOTTOM OF THE 7TH |
|
Minnesota (NYP) Twins batting - Pitching for Los Angeles (NYP) Angels : RHP Kunihiro Sasaki
|
|
Batting: RHB Alexandre Garcia
|
0-0: Ball 1-0: SINGLE (Line Drive, 8RS, EV 101.2 MPH)
|
|
Batting: RHB Chris Bejarano
|
0-0: Called Strike Alexandre Garcia steals 2nd base 0-1: Called Strike 0-2: Ball 1-2: Strikes out swinging
|
|
Batting: LHB Jose Hilario
|
0-0: Called Strike Balk! Alexandre Garcia to third 0-1: Ball 1-1: Fly out, F8 (Flyball, 8LS, EV 73.8 MPH)
|
|
Batting: RHB Fernando Bravo
|
0-0: Foul Ball, location: 2F 0-1: Ground out 3-1 (Groundball, 34, EV 105.6 MPH)
|
| Bottom of the 7th over - 0 runs, 1 hit, 0 errors, 1 left on base; Los Angeles (NYP) 1 - Minnesota (NYP) 5 |
| TOP OF THE 8TH |
|
Los Angeles (NYP) Angels batting - Pitching for Minnesota (NYP) Twins : RHP Karel Braaksma
|
|
Batting: RHB Joe Hewitt
|
0-0: DOUBLE (Line Drive, 9LS, EV 98.1 MPH)
|
|
Batting: RHB Arnaud Derosiers
|
0-0: Fly out, F7 (Flyball, 7D, EV 93.8 MPH)
|
|
Pitching: LHP Bryan Rouse
|
|
|
Pinch Hitting: RHB Juan Rosa
|
0-0: Ball 1-0: Ball Wild Pitch! Joe Hewitt to third 2-0: Foul Ball, location: 2F 2-1: Ball 3-1: Base on Balls
|
|
Batting: RHB Dan Burkhart
|
0-0: Called Strike 0-1: Ball 1-1: Swinging Strike 1-2: Strikes out swinging
|
|
Batting: RHB Aaron Bryant
|
0-0: Ball 1-0: Fielders Choice at 2nd, U4 (Groundball, 4M, EV 106.2 MPH)
|
| Top of the 8th over - 0 runs, 1 hit, 0 errors, 2 left on base; Los Angeles (NYP) 1 - Minnesota (NYP) 5 |
| BOTTOM OF THE 8TH |
|
Minnesota (NYP) Twins batting - Pitching for Los Angeles (NYP) Angels : RHP Kunihiro Sasaki
|
|
Now in RF: Alberto Carrillo
|
|
|
Batting: RHB Dave Berry
|
0-0: Called Strike 0-1: Foul Ball, location: 2F 0-2: DOUBLE (Flyball, 89XD, EV 110.6 MPH)
|
|
Batting: SHB Juan Aguilar
|
0-0: Called Strike 0-1: Ball 1-1: Called Strike 1-2: Ball 2-2: Foul Ball, location: 2F 2-2: Fly out, F8 (Line Drive, 8RM, EV 93.8 MPH)
|
|
Pitching: RHP Dean LeCroy
|
|
|
Batting: RHB Caleb Bockmann
|
0-0: Ball 1-0: Foul Ball, location: 2F 1-1: Foul Ball, location: 2F 1-2: Strikes out swinging
|
|
Batting: RHB Fhil Mikrakin
|
0-0: Ball 1-0: Called Strike 1-1: Ball 2-1: Foul Ball, location: 2F 2-2: Foul Ball, location: 2F 2-2: Strikes out swinging
|
| Bottom of the 8th over - 0 runs, 1 hit, 0 errors, 1 left on base; Los Angeles (NYP) 1 - Minnesota (NYP) 5 |
| TOP OF THE 9TH |
|
Los Angeles (NYP) Angels batting - Pitching for Minnesota (NYP) Twins : LHP Bryan Rouse
|
|
Batting: RHB Khalil Thurston
|
0-0: Ball 1-0: Foul Ball, location: 2F 1-1: Ball 2-1: Foul Ball, location: 2F 2-2: Foul Ball, location: 2F 2-2: SINGLE (Groundball, 4M, EV 89.4 MPH) (infield hit)
|
|
Batting: RHB Wilford Harper
|
0-0: Ball 1-0: Foul Ball, location: 2F 1-1: Fly out, F8 (Flyball, 89M, EV 90.6 MPH)
|
|
Batting: SHB Yuya Hirata
|
0-0: Called Strike 0-1: Foul Ball, location: 2F 0-2: Ball 1-2: Strikes out swinging
|
|
Batting: RHB Ron Major
|
0-0: Ball 1-0: Called Strike 1-1: Foul Ball, location: 2F 1-2: Strikes out swinging
|
| Top of the 9th over - 0 runs, 1 hit, 0 errors, 1 left on base; Los Angeles (NYP) 1 - Minnesota (NYP) 5 |
|